 Dungeon Crawl Stone Soup version 0.31-a0-851-g7ff8af7976 (webtiles) character file.

Game seed: 13135847437052305459

57 redmage the Digger (level 4, -15/27 HPs)
             Began as an Octopode Earth Elementalist on Oct 7, 2023.
             Killed from afar by a steam dragon (22 damage)
             ... with a ball of steam
             ... on level 3 of the Dungeon on Oct 8, 2023.
             The game lasted 00:06:17 (1783 turns).

redmage the Digger (Octopode Earth Elementalist)    Turns: 1783, Time: 00:06:17

Health: -15/27     AC:  1    Str:  7    XL:     4   Next: 0%
Magic:  5/8        EV: 13    Int: 19    God:
Gold:   90         SH:  0    Dex: 12    Spells: 3/9 levels left

rFire   . . .        f - +0 sling
rCold   . . .        (no shield)
rNeg    . . .        (helmet restricted)
rPois   .            (no amulet)
rElec   .            (no ring)
rCorr   .            (no ring)
SInv    .            (no ring)
Will    .....        (no ring)
Stlth   +++          (no ring)
HPRegen 0.24/turn    (no ring)
MPRegen 0.11/turn    (no ring)
                     (no ring)

%: no passive effects
@: about to teleport
A: almost no armour, amphibious, 8 rings, camouflage 1, gelatinous body 1,
(nimble swimmer 1), tentacles
a: no special abilities


You were on level 3 of the Dungeon.
You visited 1 branch of the dungeon, and saw 3 of its levels.

You collected 90 gold pieces.

Inventory:

Hand Weapons
 f - a +0 sling (weapon)
Scrolls
 b - a scroll of fear {unknown}
 d - a scroll of torment {unknown}
 e - 2 scrolls of teleportation
 h - 2 scrolls of noise {unknown}
 i - a scroll of identify {unknown}
Potions
 a - a potion of magic
 c - 2 potions of curing {unknown}
 g - a potion of might {unknown}


   Skills:
 - Level 2.0 Dodging
 - Level 2.6 Stealth
 + Level 3.0 Spellcasting
 + Level 0.8 Conjurations
 - Level 1.0 Transmutations
 + Level 3.8 Earth Magic


You had 3 spell levels left.
You knew the following spells:

 Your Spells              Type           Power      Damage    Failure   Level
a - Sandblast             Erth           34%        2d9       3%          1
b - Passwall              Tmut/Erth      10%        N/A       9%          2
c - Stone Arrow           Conj/Erth      22%        3d8       17%         3

Your spell library contained the following spells:

 Spells                   Type           Power      Damage    Failure   Level
 Brom's Barrelling Bould  Conj/Erth      11%        2d3       50%         4
 Petrify                  Tmut/Erth      12%        N/A       50%         4


Dungeon Overview and Level Annotations

Branches:
Dungeon (3/15)

Altars:
Dithmenos

Shops:
D:3 (


Innate Abilities, Weirdness & Mutations

You cannot wear most types of armour.
You are amphibious.
You can wear up to eight rings at the same time.
Your skin changes colour to match your surroundings (Stealth+).
Your rubbery body absorbs attacks. (AC +1, EV +1)
((You are camouflaged when in or above water. (Stealth+)))
You have tentacles for arms and can constrict up to eight enemies at once.


Message History

You shoot a sling bullet. The goblin shouts!
The sling bullet hits the orc.
The orc is severely wounded.
You hear an angry hiss.
Casting: Sandblast (safe; 3% risk of failure)
Confirm with . or Enter, or press ? or * to list all spells.
Aiming: Sandblast (safe; 3% risk of failure)
Press: ? - help, Shift-Dir - straight line, f/p - orc
Aim: an orc, wielding a +0 club and quivering boomerangs (severely wounded, 82% to hit)
The blast of sand hits the orc!
You kill the orc!
A steam dragon comes into view.
The steam dragon moves out of view.
Your Spellcasting skill increases to level 3!
Casting: Sandblast (safe; 3% risk of failure)
Confirm with . or Enter, or press ? or * to list all spells.
Aiming: Sandblast (safe; 3% risk of failure)
Press: ? - help, Shift-Dir - straight line, f - goblin
Aim: a goblin, wielding a +0 club (77% to hit)
The blast of sand hits the goblin!
You kill the goblin!
You have reached level 4!
Casting: Sandblast (safe; 3% risk of failure)
Confirm with . or Enter, or press ? or * to list all spells.
Aiming: Sandblast (safe; 3% risk of failure)
Press: ? - help, Shift-Dir - straight line, f - steam dragon
Aim: a steam dragon (82% to hit)
The blast of sand hits the steam dragon.
The steam dragon is lightly wounded.
The steam dragon breathes steam at you. The ball of steam hits you!
Ouch! That really hurt!
* * * LOW HITPOINT WARNING * * *
As you read the scroll labelled WOOMOB FIQY, it crumbles to dust.
You feel strangely unstable.
It was a scroll of teleportation.
The steam dragon breathes steam at you. The ball of steam hits you!!
Ouch! That really hurt!
You die...

#.##.# .## #.##.#
...# #.##.#
####...##.
#.##.#######........#
..##.............$.#
########.D.D>.....
#§#.#...##.
#§#.#§§...# #@#.#
#D##. # #.#.. ... .
#.### ##) #[# ... #..
###


There were no monsters in sight!

Vanquished Creatures
  2 adders
  2 worms (D:2)
  An orc (D:3)
  4 ball pythons
  2 endoplasms
  2 giant cockroaches
  4 goblins
  A hobgoblin (D:2)
  2 quokkas (D:2)
  4 frilled lizards
  5 kobolds
  3 rats
32 creatures vanquished.

Notes
Turn   | Place    | Note
-------+----------+-------------------------------------------
     0 | D:1      | redmage the Octopode Earth Elementalist began the quest for
                  | the Orb.
     0 | D:1      | Reached XP level 1. HP: 11/11 MP: 3/3
    11 | D:1      | You fall into a shaft and drop 1 floor!
   234 | D:3      | Found a shadowy altar of Dithmenos.
   271 | D:3      | Reached XP level 2. HP: 15/17 MP: 3/5
   296 | D:3      | Learned a level 2 spell: Passwall
   299 | D:3      | Found Cuir's Weapon Boutique.
  1104 | D:2      | Reached XP level 3. HP: 21/21 MP: 4/7
  1108 | D:2      | Learned a level 3 spell: Stone Arrow
  1776 | D:3      | Noticed a steam dragon
  1778 | D:3      | Reached XP level 4. HP: 23/27 MP: 5/8
  1783 | D:3      | Killed from afar by a steam dragon

Illustrated notes

Levels and vault maps discovered:
D:1:      minmay_arrival_arboretum_small, layout_loops_ring,
          minmay_misc_feat_encased
D:2:      layout_loops_ring, wad_floor_pattern_1
D:3:      layout_loops_ring, mainiacjoe_overflow_small_starburst, serial_shops,
          shop, shop, nicolae_shop_bloodbath_and_beyond, kennysheep_crisscross

Skill      XL: |  1  2  3 |
---------------+----------+-----
Spellcasting   | 3 |  3.0
Dodging        | |  2.0
Stealth        | |  2.6
Conjurations   | |  0.8
Transmutations | |  1.0
Earth Magic    | |  3.8

Action                     |  1- 3 |  4- 6 || total
---------------------------+-------+-------++-------
  Melee: Unarmed           |     1 |       ||     1
         Constrict         |     1 |       ||     1
   Fire: Sling             |    32 |       ||    32
   Cast: Sandblast         |    42 |     1 ||    43
    Use: Scroll            |       |     1 ||     1
 Armour: Skin              |     5 |     2 ||     7
  Dodge: Dodged            |     9 |       ||     9

Table legend: (Time is in decaauts)
 A = Elapsed time spent in this place.
 B = Non-inter-level travel time spent in this place.
 C = Inter-level travel time spent in this place.
 D = Time resting spent in this place.
 E = Time spent auto-exploring this place.
 F = Levels seen in this place.
 G = Mean time per level.
                   A        B        C        D        E       F      G
               +--------+--------+--------+--------+--------+-----+--------+
         Total |   1817 |   1732 |     85 |      0 |   1465 |   3 |  605.7 |
       Dungeon |   1817 |   1732 |     85 |      0 |   1465 |   3 |  605.7 |
               +--------+--------+--------+--------+--------+-----+--------+

Top non-repeatable levels by time:
     D:2: 770 daAuts
     D:1: 659 daAuts
     D:3: 386 daAuts
